cohdb
Replays
Latest Replays
All Replays
Popular Replays
Top Player Replays
Match Explorer
How It Works
Community
CoH3 Stats
Reddit
Sign in to upload your games and track your stats! →
Sign in with Steam
Dak 8 rad stopped with Zooks and Hellcats
Match 28214252
Overview
Messages
Build Orders
End
Kradschützen Motorcycle Team
Panzergrenadier Squad
Panzergrenadier Squad
Selects Armored Support Battlegroup
250 Light Carrier
Construct Light Support Kompanie
Combat Half-tracks
Construct Mechanized Kompanie
Selects Superior Fire Drills
Panzerjäger Mechanized Group
8 Rad Armored Car
8 Rad Armored Car
Vehicle Survival Package
8 Rad Armored Car
Selects Flammpanzer III Medium Tank Sd.Kfz. 141
Assault Mechanized Group
8 Rad Armored Car
8 Rad Armored Car
Marder III Tank Destroyer
Support Armor Elements
Selects Salvage Kits
Selects Panzer Storm
18-tonne Recovery Half-track
8 Rad Armored Car
Marder III Tank Destroyer
Caosak
Stana
0
0
Comments
sign in to comment!
No comments posted yet!